 Dungeon Crawl Stone Soup version 0.29.1-12-g30fa7ad0bf (webtiles) character file.

Game seed: 10822379647643333179

50 112233 the Gusty (level 3, -5/19 HPs)
             Began as a Tengu Air Elementalist on Dec 22, 2022.
             Killed from afar by Sigmund (8 damage)
             ... with a magic dart
             ... on level 2 of the Dungeon.
             The game lasted 00:01:39 (2622 turns).

112233 the Gusty (Tengu Air Elementalist)           Turns: 2622, Time: 00:01:40

Health: -5/19      AC:  2    Str:  8    XL:     3   Next: 79%
Magic:  7/7        EV: 12    Int: 17    God:
Gold:   116        SH:  0    Dex: 14    Spells: 0/6 levels left

rFire   . . .      SeeInvis .   e - +3 whip
rCold   . . .      Faith    .   (no shield)
rNeg    . . .      Spirit   .   a - +0 robe
rPois   .          Reflect  .   (helmet restricted)
rElec   .          Harm     .   (no cloak)
rCorr   .          Rampage  .   (no gloves)
Will    .....                   (boots unavailable)
Stlth   ++........              (no amulet)
HPRegen 0.06/turn               (no ring)
MPRegen 0.10/turn               (no ring)

@: no status effects
A: beak, talons 3
a: no special abilities


You were on level 2 of the Dungeon.
You visited 1 branch of the dungeon, and saw 3 of its levels.

You collected 116 gold pieces.

Inventory:

Hand Weapons
 e - a +3 whip (weapon)
Armour
 a - a +0 robe (worn)
Scrolls
 c - a scroll of noise {unknown}
 d - a scroll of enchant weapon {unknown}
 f - a scroll of blinking {unknown}
 g - a scroll of magic mapping {unknown}
Potions
 b - 2 potions of magic
 h - a potion of curing {unknown}


   Skills:
 - Level 2.1 Dodging
 - Level 2.0 Stealth
 - Level 2.0 Spellcasting
 - Level 1.3 Conjurations
 + Level 6.1 Air Magic


You couldn't memorise any spells.
You knew the following spells:

 Your Spells              Type           Power      Damage    Failure   Level
a - Shock                 Conj/Air       56%        1d6       4%          1
b - Static Discharge      Conj/Air       14%        3-5/arc   6%          2
c - Swiftness             Air            22%        N/A       4%          3

Your spell library contained the following spells:

 Spells                   Type           Power      Damage    Failure   Level
 Airstrike                Air            11%        2d(2-18)  16%         4


Dungeon Overview and Level Annotations

Branches:
Dungeon (3/15)

Altars:

Shops:
D:2 *

Annotations:
D:2 Sigmund
D:3 Grinder


Innate Abilities, Weirdness & Mutations

You have a beak for a mouth.
You have claws for feet.


Message History

Confirm with . or Enter, or press ? or * to list all spells.
You can't see any susceptible monsters within range! (Use Z to cast anyway.)
Casting: Shock (safe; 4% risk of failure)
Confirm with . or Enter, or press ? or * to list all spells.
You can't see any susceptible monsters within range! (Use Z to cast anyway.)
c - a scroll labelled MOIRHAROUC
d - a scroll labelled GOOMPU DIPEMPA You see here a +0 pair of gloves.
You now have 91 gold pieces (gained 13).
You now have 100 gold pieces (gained 9).
Found 3 stones.
You now have 116 gold pieces (gained 16).
There is a stone staircase leading up here.
There is a stone staircase leading up here.
h - a fuming cyan potion
Casting: Shock (safe; 4% risk of failure)
Confirm with . or Enter, or press ? or * to list all spells.
You can't see any susceptible monsters within range! (Use Z to cast anyway.) Unknown command.
Unknown command.
Sigmund is nearby!
Sigmund is nearby!
Sigmund is nearby!
Unknown command.
Sigmund shouts!
Sigmund says, "You will soon forget everything."
Sigmund gestures at you while chanting. The magic dart hits you!
Sigmund gestures at you while chanting. You resist with significant effort.
Sigmund gestures wildly while chanting.
Sigmund flickers and vanishes!
Deactivating autopickup; reactivate with Ctrl-A.
A magic dart appears from out of thin air!
The magic dart hits you!
* * * LOW HITPOINT WARNING * * *
There is a stone staircase leading down, spattered with blood here.
A magic dart appears from out of thin air!
The magic dart hits you!
You die...

#^....# ######...#....##..##..
##..### ##.............)....#
#..# ###...{.....######..###
#..######<..##..###...####..###
###..##.....####...####..........
........##### ##........####.#...
###.##### #.........# #.###.
###.# #.........# #.###. .##.#
#.@.......# #...#. .#..#
#.........# ###.#.
.#.############.........######.#.
.......#.........................
.........###.###........##..##..#
.......### #.# #........#..####..
.......# ##.# ##########.#####..
#..########..### #....##.#......
#..# #........# #....##.#......


There were no monsters in sight!

Vanquished Creatures
  An adder (D:2)
  2 worms (D:2)
  5 endoplasms
  A giant cockroach (D:1)
  5 goblins (D:1)
  3 hobgoblins
  2 jackals (D:3)
  2 quokkas (D:2)
  3 ball pythons
  A bat (D:2)
  3 frilled lizards (D:1)
  3 kobolds
  3 rats (D:1)
34 creatures vanquished.

Notes
Turn   | Place    | Note
-------+----------+-------------------------------------------
     0 | D:1      | 112233 the Tengu Air Elementalist began the quest for the
                  | Orb.
     0 | D:1      | Reached XP level 1. HP: 10/10 MP: 4/4
   348 | D:1      | Reached XP level 2. HP: 15/15 MP: 1/6
   351 | D:1      | Learned a level 2 spell: Static Discharge
   618 | D:1      | Reached skill level 5 in Air Magic
  1302 | D:2      | Reached XP level 3. HP: 13/19 MP: 0/7
  1473 | D:2      | Learned a level 3 spell: Swiftness
  1549 | D:2      | Found Kucenol's General Store.
  1910 | D:2      | Reached skill level 6 in Air Magic
  2083 | D:2      | Noticed Sigmund
  2151 | D:3      | Noticed Grinder
  2622 | D:2      | Killed from afar by Sigmund

Illustrated notes

Levels and vault maps discovered:
D:1:      kennysheep_arrival_seaside, layout_loops_ring, hex_large,
          chequers_serial_rivers_micro_a, minmay_misc_feat_square
D:2:      layout_rooms, serial_shops, nicolae_lakefront_shop,
          corexii_hall_statues_i, uniq_sigmund
D:3:      layout_loops_ring, shapermc_ecumenical_altar_venn, uniq_grinder

Skill      XL: |  1  2  3 |
---------------+----------+-----
Air Magic      | 5 6 |  6.1
Dodging        | |  2.1
Stealth        | |  2.0
Spellcasting   | |  2.0
Conjurations   | |  1.3

Action                   || total
-------------------------++-------
Melee: Whip              ||     2
       Kick              ||     1
       Peck              ||     1
 Cast: Shock             ||    85
       Swiftness         ||     1
  Use: Scroll            ||     2
Armor: Robe              ||     1
Dodge: Dodged            ||    12
